 Dungeon Crawl Stone Soup version 0.22-a0-412-g2b68d144a4 (webtiles) character file.

161 D1HalberdGnoll the Bolt Thrower (level 5, 0/32 HPs)
             Began as a Kobold Hunter on May 12, 2018.
             Slain by Laam's ghost (9 damage)
             ... on level 3 of the Dungeon.
             The game lasted 00:05:19 (3119 turns).

D1HalberdGnoll the Bolt Thrower (Kobold Hunter)     Turns: 3119, Time: 00:05:19

Health: 0/32       AC:  3    Str: 10    XL:     5   Next: 70%
Magic:  5/5        EV: 15    Int: 12    God:
Gold:   184        SH:  0    Dex: 16    Spells: 4/4 levels left

rFire    . . .     SeeInvis .   b - +0 short sword
rCold    . . .     Gourm    .   (shield restricted)
rNeg     . . .     Faith    .   c - +0 leather armour
rPois    .         Spirit   .   (no helmet)
rElec    .         Reflect  .   (no cloak)
rCorr    .         Harm     .   (no gloves)
MR       .....                  (no boots)
Stlth    ++........             (no amulet)
HPRegen  0.10/turn              (no ring)
MPRegen  0.09/turn              (no ring)

@: sleeping
A: small, carnivore
a: no special abilities


You were on level 3 of the Dungeon.
You were very full.

You visited 1 branch of the dungeon, and saw 3 of its levels.

You collected 184 gold pieces.

Inventory:

Hand Weapons
 a - a +1 hand crossbow
 b - a +0 short sword (weapon)
Missiles
 d - 4 bolts
Armour
 c - a +0 leather armour (worn)
 j - a +0 scale mail
Jewellery
 g - an uncursed amulet of regeneration {unknown}
Scrolls
 e - 2 scrolls of amnesia {unknown}
 h - a scroll of fog {unknown}
 k - 3 scrolls of identify {unknown}
 n - a scroll of magic mapping {unknown}
Potions
 l - a potion of heal wounds {unknown}
 m - a potion of flight {unknown}
 o - a potion of invisibility {unknown}
Comestibles
 f - 9 rations


   Skills:
 + Level 3.1 Fighting
 * Level 6.1 Crossbows
 + Level 1.2 Armour
 + Level 3.3 Dodging
 + Level 3.1 Stealth


You had 4 spell levels left.
You didn't know any spells.
Your spell library was empty.

Dungeon Overview and Level Annotations

Branches:
Dungeon (3/15)

Altars:
Okawaru
Qazlal
Ru

Annotations:
D:3 2 transporters, Laam's ghost, amateur SpEn


Innate Abilities, Weirdness & Mutations

You are small and have problems with some larger weapons.
You are carnivorous and can eat meat at any time.


Message History

Press: ? - help, v - describe, . - travel
Here: Laam's ghost (lightly damaged)
The floor.
You aren't carrying any items that you can evoke.
It was a potion of cancellation.
Your magical effects are unravelling.
You feel magically purged.
You feel less confused.
You are no longer glowing.
Laam's ghost barely misses you.
Okay, then.
Laam's ghost casts a spell at you.
You are confused.
You can't go up here!
You feel less confused. Laam's ghost hits you.
* * * LOW HITPOINT WARNING * * *
Laam's ghost points at you and mumbles some strange words.
You fall asleep.
Laam's ghost hits you!
You die...

...#.#########..[......>......
...#.#8P$©$P8#...........>....
...#.#≈..)..≈#.#......##.##.##
####.####+####.#............#
#.#5≈...≈o#.#......####### ###
#.#.≈...≈.#.#......# ###..
≈≈≈≈≈o#.#......# ##....
≈≈♣P≈.#.#......# ##.....
#.#.≈≈P≈≈.#.#@W....# ###....##
#.#.≈...≈.#.#.#....###....###
#.#.≈...≈.#.#.#..........##
#.####+####.#.#.........##
#.#P../..P#.#.#...#...###
#.#8P.©.P8#.#.....##########
#.#########.###...#.####.#.#
#.....©.....# #...#.#....#.#
#####...##### #.>.#.###....#


You could see Laam's ghost.

Vanquished Creatures
  5 adders
  5 worms (D:2)
  3 dart slugs
  A leopard gecko (D:1)
  An orc (D:3)
  A ball python (D:3)
  4 giant cockroaches
  8 goblins
  6 hobgoblins
  23 jackals
  8 bats
  6 frilled lizards
  8 kobolds
  13 rats
92 creatures vanquished.

Notes
Turn   | Place    | Note
-------+----------+-------------------------------------------
     0 | D:1      | D1HalberdGnoll the Kobold Hunter began the quest for the Orb.
     0 | D:1      | Reached XP level 1. HP: 12/12 MP: 1/1
    32 | D:1      | Reached skill level 5 in Crossbows
    32 | D:1      | Reached XP level 2. HP: 11/17 MP: 2/2
   269 | D:1      | Reached XP level 3. HP: 22/22 MP: 3/3
   716 | D:1      | Reached XP level 4. HP: 27/27 MP: 4/4
  1310 | D:2      | Reached skill level 1 in Armour
  1327 | D:2      | Reached XP level 5. HP: 32/32 MP: 5/5
  1457 | D:2      | Found a sacrificial altar of Ru.
  1501 | D:2      | Found a stormy altar of Qazlal.
  1503 | D:2      | Found an iron altar of Okawaru.
  2015 | D:3      | Reached skill level 6 in Crossbows
  2029 | D:3      | Found a transporter.
  2907 | D:3      | Found a transporter.
  3024 | D:3      | Noticed Laam's ghost (amateur SpEn)
  3119 | D:3      | Slain by Laam's ghost

Vault maps used:
D:1:      elethiomel_arrival_infinity_welcomes_careful_drivers,
          minmay_crystal_room, st_stairs_6
D:2:      nicolae_overflow_hidden_temple, nicolae_ru_path_of_blood
D:3:      gammafunk_wand_slinger, fedhas_altar_3, first_ration, serial_curves,
          eino_curves_04, eino_curves_02, eino_curves_02, eino_curves_02

Skill      XL: |  1  2  3  4  5 |
---------------+----------------+-----
Crossbows      | 5 6 |  6.1
Stealth        | 2 3 |  3.1
Dodging        | 3 |  3.3
Armour         | 1 |  1.2
Fighting       | 3 |  3.1

Action                   |  1- 3 |  4- 6 || total
-------------------------+-------+-------++-------
Melee: Short sword       |    29 |   119 ||   148
 Fire: Hand crossbow     |    72 |    73 ||   145
  Use: Potion            |       |     4 ||     4
 Stab: Sleeping          |       |     3 ||     3
  Eat: Chunk             |     7 |     7 ||    14
Armor: Leather armour    |    18 |    29 ||    47
Dodge: Dodged            |    39 |   138 ||   177

Table legend:
 A = Spawn XP
 B = Non-spawn XP
 C = Spawn XP percentage of total XP
 D = Spawn monster count
 E = Non-spawn monster count
 F = Spawn count percentage of total count
 G = Total turns spent on level
                    A         B        C        D         E        F      G
               +---------+---------+-------+---------+---------+-------+---------
         Total |       0 |     230 |   0.0 |       0 |      92 |   0.0 |  3119
               +---------+---------+-------+---------+---------+-------+---------
           D:1 |       0 |      76 |   0.0 |       0 |      46 |   0.0 |   944
           D:2 |       0 |      85 |   0.0 |       0 |      26 |   0.0 |   927
           D:3 |       0 |      69 |   0.0 |       0 |      20 |   0.0 |  1248
               +---------+---------+-------+---------+---------+-------+---------
